 Dungeon Crawl Stone Soup version 0.19.1 (webtiles) character file.

33725 Angani the Nimble (level 12, -10/79 HPs)
             Began as an Octopode Fighter on Dec 4, 2016.
             Was the Champion of Jiyva.
             Mangled by a catoblepas (27 damage)
             ... on level 6 of the Lair of Beasts.
             The game lasted 00:33:23 (14367 turns).

Angani the Nimble (Octopode Fighter)               Turns: 14367, Time: 00:33:23

Health: -10/79     AC:  2    Str:  9    XL:     12   Next: 82%
Magic:  12/12      EV: 32    Int: 10    God:    Jiyva [******]
Gold:   475        SH: 12    Dex: 34    Spells: 0 memorised, 11 levels left

rFire  + . .     SeeInvis .     m - +5 spear (pierce)
rCold  + + +     Gourm    .     s - +4 buckler of Hedging {rF+ rC- Dex+6 Stlth+}
rNeg   . . .     Faith    .     (helmet restricted)
rPois  +         Spirit   .     T - amulet of Noytaepp {RegenMP +Fly rC+}
rElec  .         Reflect  .     w - ring of protection from cold
rCorr  +         Harm     .     S - ring of the Scarab {*Corrode rPois Int+5}
MR     +....                    (no ring)
Stlth  +++++.....               (no ring)
                                (no ring)
                                (no ring)
                                (no ring)
                                (no ring)

@: studying Translocations
A: almost no armour, stealthy swim, amphibious, 8 rings, constrict 8, camouflage
1, cold resistance 3, magic resistance 1, robust 1, shaggy fur 1, gelatinous
body 1
a: Request Jelly, Slimify, Cure Bad Mutation, Renounce Religion, Evoke Flight
}: 1/15 runes: slimy


You were on level 6 of the Lair of Beasts.
You worshipped Jiyva.
Jiyva was exalted by your worship.
You were full.

You visited 4 branches of the dungeon, and saw 22 of its levels.

You collected 475 gold pieces.

Inventory:

Hand Weapons
 m - a +5 spear of piercing (weapon)
 y - the +0 trident "Genatuzi" {drain, MR+ Dex+5}
   (You found it on level 8 of the Dungeon)

   A truly terrible weapon, it drains the life of those it strikes.
   It affects your dexterity (+5).
   It affects your resistance to hostile enchantments.
 V - the +8 scimitar of Jeotwoon {drain, Str+2}
   (You found it on level 5 of the Pits of Slime)

   A truly terrible weapon, it drains the life of those it strikes.
   It affects your strength (+2).
 W - the +9 whip of Fyiwk {speed, rC++}
   (You found it on level 5 of the Pits of Slime)

   Attacks with this weapon are significantly faster.
   It greatly protects you from cold.
Armour
 s - the +4 buckler of Hedging (worn) {rF+ rC- Dex+6 Stlth+}
   (You found it on level 5 of the Dungeon)

   It affects your dexterity (+6).
   It protects you from fire.
   It makes you vulnerable to cold.
   It makes you more stealthy.
Magical Staves
 G - a cursed staff of earth {unknown}
Jewellery
 w - a ring of protection from cold (left tentacle)
 S - the ring of the Scarab (right tentacle) {*Corrode rPois Int+5}
   (You found it on level 5 of the Pits of Slime)

   [ring of poison resistance]

   It affects your intelligence (+5).
   It protects you from poison.
   It may corrode you when you take damage.
 T - the amulet of Noytaepp (around mantle) {RegenMP +Fly rC+}
   (You found it on level 5 of the Pits of Slime)

   [amulet of magic regeneration]

   It increases your magic regeneration.
   It protects you from cold.
   It lets you fly.
Wands
 q - a wand of random effects (35/48)
 D - a wand of digging (0/24)
 E - a wand of random effects (15/48)
 N - a wand of lightning (5/15)
 P - a wand of slowing (10/48)
Scrolls
 e - 2 scrolls of remove curse
 f - 2 scrolls of teleportation
 i - 4 scrolls of enchant armour
 j - 2 scrolls of noise
 k - 2 scrolls of amnesia
 o - a scroll of vulnerability
 p - a scroll of fear
 u - a scroll of magic mapping
 C - a scroll of random uselessness
 F - a scroll of fog {unknown}
 H - a scroll of holy word {unknown}
Potions
 c - 3 potions of might
 l - 3 potions of cancellation
 n - a potion of heal wounds
 r - 2 potions of degeneration {unknown}
 t - 2 potions of flight {unknown}
 v - 3 potions of invisibility {unknown}
 x - 2 potions of resistance
 z - 6 potions of curing
 I - 3 potions of haste {unknown}
 L - 2 potions of agility {unknown}
 M - 2 potions of brilliance {unknown}
 O - a potion of magic {unknown}
Books
 K - the Collected Works on the Assistive Volcanoes
   (You found it on level 2 of the Lair of Beasts)

   Spells                             Type                      Level
   a - Infusion                       Charms                       1
   b - Flame Tongue                   Conjuration/Fire             1
   c - Swiftness                      Charms/Air                   2
   d - Shroud of Golubria             Charms/Translocation         2
   e - Ring of Flames                 Charms/Fire                  7
   f - Delayed Fireball               Conjuration/Fire             7
 Q - a manual of Translocations
 R - the Guide on the Blaze
   (You found it on level 5 of the Pits of Slime)

   Spells                             Type                      Level
   a - Flame Tongue                   Conjuration/Fire             1
   b - Conjure Flame                  Conjuration/Fire             3
   c - Inner Flame                    Hexes/Fire                   3
   d - Bolt of Fire                   Conjuration/Fire             6
   e - Delayed Fireball               Conjuration/Fire             7
 U - Naitz's Witchcraft in Simple Steps
   (You found it on level 5 of the Pits of Slime)

   Spells                             Type                      Level
   a - Repel Missiles                 Charms/Air                   2
   b - Swiftness                      Charms/Air                   2
   c - Slow                           Hexes                        2
   d - Passwall                       Transmutation/Earth          2
   e - Sticks to Snakes               Transmutation                2
Comestibles
 d - 8 bread rations
 g - a beef jerky
 h - 8 meat rations
 A - 12 fruits
 B - 6 slices of pizza
 J - 9 royal jellies


   Skills:
 - Level 3.0 Fighting
 - Level 14.0 Polearms
 + Level 14.4 Dodging
 - Level 5.1 Shields


You had 11 spell levels left.
You didn't know any spells.

Dungeon Overview and Level Annotations

Branches:
Dungeon (10/15)            Temple (1/1) D:6            Lair (6/6) D:10
 Shoals (0/4) Lair:3       Spider (0/4) Lair:4        Slime (5/5) Lair:6
    Orc: D:9-12

Altars:
Dithmenos
Elyvilon
Nemelex Xobeh
Qazlal
Ru
Yredelemnul
The Shining One
Jiyva

Shops:
D:5 %

Annotations:
Lair:2 exclusion: oklob plant
Slime:2 rastmirit's ghost, adept DDFi
Slime:5 Millan's ghost, legendary FoFi; Royal Jelly


Innate Abilities, Weirdness & Mutations

You cannot wear most types of armour.
You are very stealthy in the water. (Stealth+)
You are amphibious.
You can wear up to eight rings at the same time.
You can use your tentacles to constrict eight enemies at once.
Your skin changes colour to match your surroundings (Stealth+).
Your rubbery body absorbs attacks. (AC +1, EV +1)
Your flesh is almost immune to the effects of cold. (rC+++)
You are resistant to hostile enchantments. (MR+)
You are robust. (+10% HP)
You are covered in fur. (AC +1)


Message History

You hit the catoblepas but do no damage.
You squeeze the catoblepas.
The catoblepas is lightly wounded.
You hit the catoblepas. You squeeze the catoblepas.
The catoblepas is lightly wounded.
The catoblepas misses you.
You hit the catoblepas. You squeeze the catoblepas.
The catoblepas is moderately wounded.
You hit the catoblepas.
The catoblepas is moderately wounded.
You block the catoblepas's attack.
You hit the catoblepas but do no damage.
The catoblepas is moderately wounded.
You hit the catoblepas.
The catoblepas is moderately wounded.
The catoblepas breathes a plume of calcifying dust at you.
The blast of calcifying dust hits you!
* * * LOW HITPOINT WARNING * * *
The catoblepas gores you!!
You die...

##....## ##...####...##
#.. ###..###
###...##....# #..
##...## ###......## #..
## ###..## ##...##..#
#.. . ##...# ##..#######
##. .. #...## #..## ###
#. ##. ##...###.##
###.## #. ##..#
##...Y§§§§####....## #.
#....#
##..###@...P##......###.
##.....##.§##
###...#......###..
#..8.8...Y.#
##.....##..# #..
Y.8....8.### ###.###...#
#.. YYYYY8....#
#######...####..
YYYY..8....# #..###...##
#... Y###....####
##P.....## ##... ######
###......###....
###......8........


You could see a catoblepas.

Vanquished Creatures
  A catoblepas (Lair:6)
  A death yak (Lair:6)
  A fire crab (Lair:5)
  Maurice (D:8)
  2 black mambas
  3 elephants (Lair:5)
  8 spiny frogs
  A rime drake (Lair:6)
  4 komodo dragons
  A troll (D:9)
  A queen bee (Lair:2)
  2 polar bears (Lair:6)
  A two-headed ogre (D:10)
  A hornet (D:9)
  Prince Ribbit (D:8)
  A dream sheep (Lair:4)
  4 hippogriffs
  7 blink frogs (Lair:5)
  Sigmund (D:4)
  A wyvern (Lair:6)
  Eustachio (D:6)
  21 yaks
  2 basilisks
  9 water moccasins
  A black bear (D:6)
  4 orc warriors
  2 porcupines
  3 ice beasts
  3 ogres
  A sky beast (D:5)
  A necrophage (D:9)
  3 phantoms
  2 centaurs
  11 crocodiles
  A big kobold (D:8)
  5 bullfrogs
  A wyvern skeleton (D:9)
  A scorpion (D:8)
  19 killer bees (Lair:2)
  3 wights (D:9)
  A crimson imp (D:10)
  A quasit (D:9)
  3 hounds
  2 orc priests (D:8)
  A bullfrog zombie (D:8)
  5 orc wizards
  Terence (D:3)
  7 worker ants
  A killer bee zombie (D:10)
  A howler monkey zombie (D:8)
  A worker ant zombie (D:8)
  7 gnolls
  12 adders
  2 oozes
  3 worms (D:2)
  3 dart slugs
  3 leopard geckos
  21 orcs
  5 giant cockroaches
  4 goblins
  5 hobgoblins
  2 jackals (D:3)
  4 quokkas
  A ball python (D:2)
  A ball python zombie (D:5)
  2 bats (D:1)
  7 frilled lizards
  5 kobolds
  A leopard gecko skeleton (D:4)
  A quokka skeleton (D:8)
  A quokka zombie (D:5)
  4 rats
255 creatures vanquished.

Vanquished Creatures (collateral kills)
  A spiny frog (Lair:4)
  6 dream sheep
  A yak (D:8)
  A big kobold (D:8)
9 creatures vanquished.

Vanquished Creatures (others)
  3 acid blobs
  A hydra (Lair:1)
  A hill giant (D:10)
  A wolf spider (Lair:1)
  2 shining eyes (Slime:4)
  4 elephants (Lair:5)
  A cyclops (D:9)
  An eye of devastation (Slime:4)
  A spiny frog (Lair:2)
  23 slime creatures
  2 hippogriffs
  A yak (Lair:6)
  A hungry ghost (D:9)
  6 golden eyes
  3 water moccasins
  5 porcupines
  An eye of draining (Slime:4)
  An ice beast (D:5)
  A black bear (D:7)
  2 centaurs
  A big kobold (D:8)
  6 bullfrogs
  A scorpion (D:7)
  A centaur zombie (D:8)
  A crimson imp (D:6)
  53 jellies
  A hound (D:4)
  4 orc wizards
  A worker ant (D:5)
  A worker ant zombie (D:9)
  3 gnolls (D:5)
  5 adders
  A shadow imp (D:5)
  5 oozes
  An adder zombie (D:8)
  A worm (D:4)
  A leopard gecko (D:4)
  15 orcs
  2 quokkas
  A quokka zombie (D:6)
  31 fungi
  18 plants
215 creatures vanquished.

Grand Total: 479 creatures vanquished

Notes
Turn   | Place    | Note
-------+----------+-------------------------------------------
     0 | D:1      | Angani the Octopode Fighter began the quest for the Orb.
     0 | D:1      | Reached XP level 1. HP: 16/16 MP: 1/1
   202 | D:1      | Reached XP level 2. HP: 9/21 MP: 2/2
   535 | D:1      | Reached XP level 3. HP: 26/26 MP: 3/3
  1048 | D:2      | Reached XP level 4. HP: 31/31 MP: 4/4
  1378 | D:2      | Found a stormy altar of Qazlal.
  1471 | D:2      | Found a faded altar of an unknown god.
  1501 | D:2      | Became a worshipper of Jiyva Jacum the Shapeless
  1501 | D:2      | Reached * piety under Jiyva
  1884 | D:3      | Found a basalt altar of Yredelemnul.
  1884 | D:3      | Noticed Terence
  1884 | D:3      | Noticed a bullfrog
  1895 | D:3      | Killed Terence
  1895 | D:3      | Reached XP level 5. HP: 29/36 MP: 3/5
  1907 | D:3      | Found a sparkling altar of Nemelex Xobeh.
  1999 | D:3      | Reached ** piety under Jiyva
  2347 | D:4      | Reached XP level 6. HP: 34/42 MP: 6/6
  2410 | D:4      | Noticed Sigmund
  2427 | D:4      | Killed Sigmund
  2427 | D:4      | Reached skill level 5 in Dodging
  2475 | D:4      | Reached XP level 7. HP: 22/46 MP: 7/7
  2696 | D:4      | Found a glowing golden altar of the Shining One.
  2696 | D:4      | Found a white marble altar of Elyvilon.
  2701 | D:4      | Found a shadowy altar of Dithmenos.
  2877 | D:5      | Entered Level 5 of the Dungeon
  3052 | D:5      | Reached *** piety under Jiyva
  3059 | D:5      | Gained mutation: You passively map a small area around you. [Jiyva's grace]
  3077 | D:5      | Got a brightly glowing buckler
  3088 | D:5      | Identified the +4 buckler of Hedging {rF+ rC- Dex+6 Stlth+} (You found it on level 5 of the Dungeon)
  3096 | D:5      | Found Urycviw's Food Shoppe.
  3137 | D:5      | Reached skill level 5 in Shields
  3142 | D:5      | Gained mutation: One of your tentacles bears a spike. [mutagenic meat]
  3143 | D:5      | Gained mutation: Your spells are a little easier to cast, but a little less powerful. [mutagenic meat]
  3145 | D:5      | Gained mutation: You are robust. (+10% HP) [mutagenic meat]
  3360 | D:5      | Lost mutation: Your spells are a little easier to cast, but a little less powerful. [Jiyva's grace]
  3418 | D:5      | Reached skill level 5 in Polearms
  4090 | D:6      | Found a staircase to the Ecumenical Temple.
  4101 | D:6      | Reached XP level 8. HP: 38/57 MP: 8/8
  4113 | D:6      | Noticed Eustachio
  4145 | Temple   | Entered the Ecumenical Temple
  4218 | Temple   | Lost mutation: One of your tentacles bears a spike. [potion of mutation]
  4218 | Temple   | Gained mutation: You are covered in fur. (AC +1) [potion of mutation]
  4218 | Temple   | Gained mutation: You are very robust. (+20% HP) [potion of mutation]
  4226 | D:6      | Killed Eustachio
  4252 | D:6      | Reached **** piety under Jiyva
  4265 | D:6      | Gained mutation: Your body has grown golden eyes which may confuse attackers. (Acc +3) [Jiyva's grace]
  4272 | D:6      | Reached ***** piety under Jiyva
  4436 | D:6      | You fall through a shaft!
  4896 | D:7      | Gained mutation: One of your tentacles bears a spike. [Jiyva's grace]
  5200 | D:8      | Reached XP level 9. HP: 30/67 MP: 9/9
  5526 | D:8      | Gained mutation: Your mind is acute. (Int +2) [Jiyva's grace]
  5533 | D:8      | Noticed Maurice
  5550 | D:8      | Killed Maurice
  5565 | D:8      | Reached ****** piety under Jiyva
  5594 | D:8      | Got an ebony trident
  5619 | D:8      | Identified the cursed +0 trident "Genatuzi" {drain, MR+ Dex+5} (You found it on level 8 of the Dungeon)
  5680 | D:8      | Noticed Prince Ribbit
  5697 | D:8      | Killed Prince Ribbit
  5718 | D:8      | Found a white marble altar of Elyvilon.
  5737 | D:8      | Lost mutation: You passively map a small area around you. [Jiyva's grace]
  5938 | D:8      | Noticed a two-headed hydra
  5952 | D:8      | Slimified a two-headed hydra
  5952 | D:8      | Noticed an azure jelly
  5952 | D:8      | a two-headed hydra changed into an azure jelly
  6021 | D:8      | Gained mutation: You are covered in thick fur. (AC +2) [Jiyva's grace]
  6517 | D:9      | Gained mutation: You are extremely robust. (+30% HP) [potion of mutation]
  6563 | D:9      | Reached XP level 10. HP: 81/81 MP: 10/10
  6629 | D:9      | Reached skill level 10 in Dodging
  6671 | D:9      | Noticed a cyclops
  6689 | D:9      | Killed a cyclops
  6712 | D:9      | Reached skill level 10 in Polearms
  6939 | D:10     | Entered Level 10 of the Dungeon
  6970 | D:10     | Found a staircase to the Lair.
  7248 | D:10     | Lost mutation: You are extremely robust. (+30% HP) [Jiyva's grace]
  7342 | D:10     | Lost mutation: You are covered in thick fur. (AC +2) [Jiyva's grace]
  7655 | Lair:1   | Entered Level 1 of the Lair of Beasts
  7664 | Lair:1   | Noticed a wolf spider
  7664 | Lair:1   | Noticed a wolf spider
  7671 | Lair:1   | Slimified a wolf spider
  7671 | Lair:1   | a wolf spider changed into a slime creature
  7677 | Lair:1   | Killed a wolf spider
  7700 | D:10     | Killed a hill giant
  7938 | Lair:1   | Gained mutation: One of your tentacles bears a nasty spike. [Jiyva's grace]
  8047 | Lair:1   | Noticed an eight-headed hydra
  8052 | Lair:1   | Slimified an eight-headed hydra
  8052 | Lair:1   | Noticed an azure jelly
  8052 | Lair:1   | an eight-headed hydra changed into an azure jelly
  8330 | Lair:1   | Noticed a spiny frog
  8335 | Lair:1   | Gained mutation: You have a pair of small antennae on your head. [Jiyva's grace]
  8338 | Lair:1   | Killed a spiny frog
  8352 | Lair:1   | Killed a seven-headed hydra
  8447 | Lair:1   | Noticed a spiny frog
  8454 | Lair:1   | Killed a spiny frog
  8454 | Lair:1   | Reached XP level 11. HP: 56/80 MP: 11/11
  9193 | Lair:2   | Identified the Collected Works on the Assistive Volcanoes
  9318 | Lair:2   | Noticed an oklob plant
  9812 | Lair:3   | Lost mutation: Your body has grown golden eyes which may confuse attackers. (Acc +3) [potion of mutation]
  9812 | Lair:3   | Gained mutation: Your flesh is cold resistant. (rC+) [potion of mutation]
  9860 | Lair:3   | Found a staircase to the Shoals.
  9956 | Lair:3   | Lost mutation: Your mind is acute. (Int +2) [Jiyva's grace]
 10363 | Lair:4   | Noticed a five-headed hydra
 10365 | Lair:4   | Slimified a five-headed hydra
 10365 | Lair:4   | Noticed an acid blob
 10365 | Lair:4   | a five-headed hydra changed into an acid blob
 10365 | Lair:4   | Lost mutation: You are very robust. (+20% HP) [Jiyva's grace]
 10431 | Lair:4   | Noticed Rupert
 10435 | Lair:4   | Slimified Rupert
 10435 | Lair:4   | Noticed Rupert
 10435 | Lair:4   | Rupert changed into Rupert the acid blob
 10585 | Lair:4   | Found a hole to the Spider Nest.
 10905 | Lair:5   | Gained mutation: Your flesh is very cold resistant. (rC++) [Jiyva's grace]
 10947 | Lair:5   | Noticed a fire crab
 10963 | Lair:5   | Killed a fire crab
 11320 | Lair:5   | Noticed a four-headed hydra
 11328 | Lair:5   | Slimified a four-headed hydra
 11328 | Lair:5   | Noticed an acid blob
 11328 | Lair:5   | a four-headed hydra changed into an acid blob
 11339 | Lair:5   | Lost mutation: One of your tentacles bears a nasty spike. [Jiyva's grace]
 11732 | Lair:5   | Reached XP level 12. HP: 79/79 MP: 12/12
 11758 | Lair:5   | Gained mutation: Your flesh is almost immune to the effects of cold. (rC+++) [Jiyva's grace]
 12014 | Lair:6   | Entered Level 6 of the Lair of Beasts
 12113 | Lair:6   | Found a staircase to the Slime Pits.
 12217 | Lair:6   | Noticed a seven-headed hydra
 12225 | Lair:6   | Slimified a seven-headed hydra
 12225 | Lair:6   | Noticed an acid blob
 12225 | Lair:6   | a seven-headed hydra changed into an acid blob
 12238 | Lair:6   | Gained mutation: You are resistant to hostile enchantments. (MR+) [Jiyva's grace]
 12477 | Lair:6   | Lost mutation: You have a pair of small antennae on your head. [Jiyva's grace]
 12556 | Lair:6   | Noticed a catoblepas
 12570 | Lair:6   | Killed a catoblepas
 12638 | Lair:6   | Noticed a death yak
 12638 | Lair:6   | Noticed a death yak
 12638 | Lair:6   | Noticed a catoblepas
 12725 | Slime:1  | Entered Level 1 of the Pits of Slime
 12735 | Slime:1  | Noticed an acid blob
 12761 | Slime:4  | Noticed an acid blob
 12780 | Slime:5  | Entered Level 5 of the Pits of Slime
 12780 | Slime:5  | Noticed Millan's ghost (legendary FoFi)
 12787 | Slime:4  | Noticed an acid blob
 12822 | Slime:4  | Killed an acid blob
 12841 | Slime:4  | Killed an acid blob
 12960 | Slime:4  | Noticed an acid blob
 13065 | Slime:4  | Noticed an acid blob
 13095 | Slime:5  | Noticed an acid blob
 13100 | Slime:5  | Noticed an acid blob
 13101 | Slime:5  | Noticed an acid blob
 13103 | Slime:5  | Noticed the Royal Jelly
 13103 | Slime:5  | Noticed an acid blob
 13104 | Slime:5  | Found a viscous altar of Jiyva.
 13104 | Slime:5  | Noticed an acid blob
 13108 | Slime:5  | Gained mutation: You have a small jelly attached to you that senses nearby items. [Jiyva's grace]
 13109 | Slime:5  | Noticed a great orb of eyes
 13112 | Slime:5  | Noticed an acid blob
 13114 | Slime:5  | Identified the Guide on the Blaze
 13114 | Slime:5  | Lost mutation: You have a small jelly attached to you that senses nearby items. [Jiyva's grace]
 13120 | Slime:5  | Got a slimy steel ring
 13128 | Slime:5  | Got a steaming tin amulet
 13130 | Slime:5  | Got a slimy rune of Zot
 13133 | Slime:5  | Lost mutation: One of your tentacles bears a spike. [Jiyva's grace]
 13137 | Slime:5  | Killed an acid blob
 13141 | Slime:5  | Identified Naitz's Witchcraft in Simple Steps
 13151 | Slime:5  | Got a twisted scimitar
 13153 | Slime:5  | Got a sapphire whip
 13163 | Slime:5  | Identified the ring of the Scarab {*Corrode rPois Int+5} (You found it on level 5 of the Pits of Slime)
 13164 | Slime:5  | Identified the amulet of Noytaepp {RegenMP +Fly rC+} (You found it on level 5 of the Pits of Slime)
 13165 | Slime:5  | Identified the +8 scimitar of Jeotwoon {drain, Str+2} (You found it on level 5 of the Pits of Slime)
 13166 | Slime:5  | Identified the +9 whip of Fyiwk {speed, rC++} (You found it on level 5 of the Pits of Slime)
 13249 | Slime:3  | Noticed an acid blob
 13258 | Slime:3  | Noticed an acid blob
 13260 | Slime:2  | Noticed rastmirit's ghost (adept DDFi)
 13261 | Slime:2  | Noticed an azure jelly
 13329 | Slime:3  | Noticed an acid blob
 14179 | Lair:6   | Noticed a death yak
 14180 | Lair:6   | Noticed a death yak
 14180 | Lair:6   | Noticed a death yak
 14181 | Lair:6   | Noticed a death yak
 14202 | Lair:6   | Slimified a death yak
 14202 | Lair:6   | a death yak changed into a slime creature
 14298 | Lair:6   | Noticed a death yak
 14298 | Lair:6   | Noticed a death yak
 14331 | Lair:6   | Killed a death yak
 14367 | Lair:6   | Mangled by a catoblepas

Skill      XL: |  1  2  3  4  5  6  7  8  9 10 11 12 |
---------------+-------------------------------------+-----
Polearms       | 3 4 5 7 9 11 12 14 | 14.0
Dodging        | 4 5 6 8 9 11 13 14 | 14.4
Shields        | 4 5 |  5.1
Fighting       | |  3.0

Action                   |  1- 3 |  4- 6 |  7- 9 | 10-12 || total
-------------------------+-------+-------+-------+-------++-------
Melee: Trident           |    62 |   100 |   282 |   663 ||  1107
       Constrict         |    11 |    14 |    43 |    69 ||   137
       Tentacles         |     6 |    12 |    81 |   272 ||   371
       Kick              |       |       |   102 |   374 ||   476
       Spear             |       |       |       |    71 ||    71
Invok: Request Jelly     |       |     2 |       |       ||     2
       Slimify           |       |       |     1 |    13 ||    14
Evoke: Wand              |       |       |       |     4 ||     4
  Use: Scroll            |     4 |     1 |     6 |     8 ||    19
       Potion            |     3 |     1 |     5 |     2 ||    11
 Stab: Sleeping          |     4 |     5 |    11 |    23 ||    43
       Distracted        |       |     1 |     2 |     8 ||    11
       Confused          |       |       |     1 |     8 ||     9
  Eat: Chunk             |       |     4 |     6 |       ||    10
Armor: Skin              |       |     2 |     9 |     7 ||    18
Dodge: Dodged            |    20 |    23 |   125 |   280 ||   448
Block: Shield            |    20 |    34 |    11 |       ||    65
       Buckler           |       |       |    92 |   273 ||   365
